Map: Efflorescence LE

Players

Massa - Winner!

  • Race: Terran Terran
  • League: Platinum
  • Spawn Location: 9:00

qqq - Winner!

  • Race: Zerg Zerg
  • Spawn Location: 6:00

Fatboy

  • Race: Protoss Protoss
  • Spawn Location: 3:00

Crownbranch

  • Race: Terran Terran
  • League: Diamond
  • Spawn Location: 12:00

VOD

Have the link to the VOD?

Description

Time

  • Played on: March 24, 2021, 4:15 p.m.
  • Length: 14:04
Show
View Real Time Build Order
Export as new Build Order

Massa Terran - Winner!

Build Orders:  

Get SALT Encoding   

  12  0:00  SCV  
  13  0:12  SCV  
  14  0:18  Supply Depot  
  14  0:24  SCV  
  15  0:39  SCV  
  15  0:40  Barracks  
  16  0:46  Refinery  
  16  0:51  SCV  
  17  1:03  SCV  
  18  1:08  Supply Depot  
  18  1:16  Barracks  
  18  1:17  SCV  
  19  1:29  SCV  
  19  1:32  Reaper  
  21  1:40  Barracks  
  21  1:42  SCV  
  22  1:56  Orbital Command  
  22  2:04  Barracks Tech Lab, Marine  
  23  2:14  Supply Depot  
  23  2:22  Marine  
  24  2:24  Stimpack  
  24  2:26  Marauder  
  24  2:29  Marine  
  27  2:40  Marine  
  28  2:47  Marine  
  28  2:48  Marauder, Supply Depot  
  31  2:58  Marine  
  32  3:05  Marine  
  32  3:09  Marauder  
  35  3:16  Marine  
  36  3:23  Marine  
  37  3:30  Marauder  
  37  3:33  Marine  
  40  3:40  Supply Depot  
  40  3:41  Marine  
  41  3:44  Engineering Bay  
  41  3:51  Marine  
  41  3:52  Marauder  
  44  3:59  Marine  
  45  4:03  Concussive Shells  
  45  4:09  Marine  
  46  4:13  Marauder  
  43  4:37  Marine x2  
  43  4:38  Marauder  
  38  4:55  Marine x2  
  38  4:59  Marauder  
  41  5:20  Missile Turret  
  41  5:22  Factory  
  41  5:23  Command Center  
  41  5:41  Marauder, Marine x2  
  45  5:57  Refinery, Supply Depot, Combat Shield  
  45  5:58  Marine  
  45  6:00  Barracks Reactor  
  45  6:02  Marauder  
  28  6:49  Marauder, Marine x3  
  28  6:52  Factory Tech Lab  
  28  6:53  SCV  
  35  6:55  Orbital Command  
  32  7:05  SCV  
  32  7:07  Marine x2  
  36  7:11  Marauder  
  36  7:13  Cyclone  
  40  7:16  Barracks Reactor  
  40  7:17  SCV  
  40  7:36  SCV x2  
  38  7:42  Barracks  
  38  7:44  Starport  
  38  7:46  Refinery, Barracks  
  38  7:48  SCV x2  
  38  8:00  SCV  
  38  8:04  Marauder, Marine x3  
  38  8:05  Marine  
  45  8:06  Siege Tank  
  48  8:14  Refinery  
  48  8:18  Terran Infantry Weapons Level 1  
  48  8:22  Marine x3  
  48  8:26  Marauder  
  53  8:28  SCV x2  
  53  8:31  Medivac  
  57  8:34  Barracks Tech Lab  
  57  8:40  SCV x2  
  59  8:52  SCV x2  
  61  8:57  Armory  
  61  9:02  Sensor Tower  
  61  9:04  SCV x2  
  61  9:07  Siege Tank  
  61  9:08  Missile Turret  
  66  9:16  SCV x2  
  66  9:17  Starport Reactor, Command Center  
  68  9:20  Barracks Reactor  
  68  9:28  SCV x2  
  70  9:38  Engineering Bay  
  70  9:40  Missile Turret  
  70  9:44  Missile Turret  
  70  9:56  Medivac x2  
  74  10:00  SCV  
  74  10:01  SCV  
  74  10:06  Terran Vehicle And Ship Armor Level 1  
  76  10:07  Terran Infantry Armor Level 1  
  76  10:12  SCV  
  76  10:13  SCV  
  78  10:22  Terran Infantry Weapons Level 2  
  78  10:28  Liberator, Marine x8  
  89  10:33  Supply Depot  
  89  10:36  Supply Depot  
  89  10:42  SCV  
  90  10:43  SCV  
  91  10:54  Refinery, SCV  
  91  10:55  SCV  
  93  10:59  Refinery  
  93  11:01  Missile Turret  
  93  11:03  Orbital Command  
  93  11:06  Siege Tank  
  96  11:15  SCV x2  
  98  11:23  Sensor Tower  
  98  11:28  Missile Turret  
  98  11:34  Medivac  
  98  11:35  Medivac  
  98  11:36  Marauder x2  
  98  11:39  Siege Tank  
  109  11:52  Factory  
  109  12:00  Terran Vehicle Weapons Level 1  
  109  12:21  Supply Depot  
  109  12:22  Supply Depot x2  
  109  12:24  Supply Depot  
  109  12:27  Supply Depot  
  109  12:33  Command Center  
  109  12:43  SCV x3, Siege Tank  
  115  12:48  Supply Depot  
  115  12:50  Supply Depot  
  115  12:55  SCV x3, Marauder x2, Marine  
  123  13:03  Medivac x2  
  127  13:16  Marauder  
  127  13:17  Marauder  
  115  13:28  Siege Tank  
  115  13:29  Factory Tech Lab  
  115  13:30  Marine x6  
  121  13:38  Marauder x2  
Show
View Real Time Build Order
Export as new Build Order

qqq Zerg - Winner!

Build Orders: Hatch First 

Get SALT Encoding   

  12  0:00  Drone  
  13  0:17  Drone  
  13  0:18  Overlord  
  14  0:49  Hatchery  
  13  0:54  Drone  
  13  0:55  Drone  
  15  0:58  Drone  
  16  1:20  Extractor, Drone, Spawning Pool  
  15  1:27  Drone  
  16  1:34  Drone  
  17  1:43  Drone  
  18  1:50  Drone  
  19  1:59  Drone  
  20  2:07  Queen x2  
  24  2:08  Drone  
  25  2:16  Overlord  
  25  2:20  Drone  
  26  2:26  Metabolic Boost  
  26  2:32  Overlord  
  26  2:38  Drone x2  
  26  2:42  Drone  
  29  2:52  Drone x2  
  29  2:55  Drone  
  29  2:56  Drone  
  33  3:04  Overlord  
  33  3:09  Zergling x2  
  34  3:14  Zergling x2  
  35  3:22  Zergling x6  
  35  3:23  Zergling x2  
  35  3:26  Zergling x2  
  41  3:34  Zergling x2  
  41  3:38  Zergling x2  
  41  3:39  Zergling x2  
  43  3:44  Hatchery  
  42  3:48  Overlord  
  42  3:49  Zergling x4  
  42  3:51  Overlord  
  44  3:59  Lair  
  44  4:09  Zergling x4, Overlord  
  46  4:10  Zergling x4  
  41  4:17  Zergling x4  
  43  4:29  Zergling x4  
  43  4:30  Zergling x8  
  46  4:38  Zergling x4  
  47  4:43  Zergling x2  
  47  4:46  Zergling x2  
  48  4:53  Zergling x2  
  48  4:57  Queen  
  51  5:00  Spore Crawler  
  51  5:02  Spore Crawler  
  51  5:05  Zergling x4  
  51  5:06  Zergling x2  
  52  5:11  Zergling x2  
  52  5:14  Zergling x2  
  54  5:15  Drone  
  55  5:32  Queen  
  55  5:37  Zergling x12  
  55  5:38  Zergling x6  
  55  5:41  Zergling x2  
  65  5:48  Queen  
  67  5:50  Zergling x2  
  67  5:51  Zergling x2  
  67  5:52  Drone  
  67  5:54  Drone  
  67  5:55  Zergling x2  
  72  5:59  Zergling x2  
  72  6:03  Overlord  
  63  6:19  Zergling x6  
  63  6:20  Zergling x10  
  70  6:37  Zergling x10  
  70  6:38  Zergling x6  
  70  6:39  Drone  
  71  7:12  Zergling x12  
  71  7:13  Zergling x6  
  79  7:19  Spire  
  73  7:24  Zergling x6  
  60  7:44  Zergling x6  
  60  7:48  Zergling x6  
  47  8:10  Extractor  
  47  8:11  Drone x4  
  47  8:12  Drone x2  
  52  8:15  Spore Crawler  
  52  8:19  Drone x3  
  54  8:21  Extractor  
  54  8:24  Extractor  
  52  8:28  Drone x3  
  52  8:29  Spore Crawler  
  54  8:36  Overseer  
  54  8:38  Drone x3  
  54  8:40  Corruptor  
  59  8:42  Corruptor  
  59  8:43  Hatchery  
  59  8:44  Drone  
  59  8:48  Drone x2  
  63  8:58  Drone x3  
  63  8:59  Corruptor  
  63  9:02  Zerg Flyer Weapons Level 1  
  68  9:06  Mutalisk  
  70  9:14  Infestation Pit  
  69  9:23  Mutalisk x2, Zergling x4  
  75  9:25  Drone x3  
  75  9:26  Drone x2  
  75  9:29  Extractor  
  79  9:32  Extractor  
  79  9:34  Mutalisk  
  80  9:43  Drone x2  
  80  9:44  Overlord x2  
  80  9:45  Overlord  
  82  9:54  Overlord  
  82  9:55  Overlord  
  82  9:57  Corruptor  
  84  10:04  Corruptor  
  86  10:07  Corruptor  
  88  10:14  Drone x3  
  88  10:15  Drone  
  88  10:20  Corruptor  
  94  10:33  Corruptor x2  
  98  10:37  Mutalisk  
  98  10:39  Drone  
  98  10:40  Drone x4  
  98  10:41  Drone  
  106  10:45  Corruptor  
  108  10:54  Spore Crawler  
  107  10:58  Spire  
  107  11:01  Drone  
  107  11:02  Drone x3  
  107  11:03  Zergling x2  
  111  11:06  Overlord  
  111  11:14  Mutalisk x2  
  111  11:15  Mutalisk  
  117  11:23  Corruptor  
  119  11:31  Drone x5  
  119  11:32  Drone x2, Overlord  
  126  11:38  Spine Crawler  
  124  11:41  Zergling x2  
  124  11:42  Zergling x8  
  124  11:43  Drone  
  124  11:46  Overlord  
  130  11:51  Zerg Flyer Armor Level 1  
  130  11:53  Overlord  
  130  11:55  Corruptor  
  132  12:07  Mutalisk x2  
  132  12:08  Mutalisk x3  
  138  12:14  Corruptor  
  144  12:43  Mutalisk  
  144  12:44  Mutalisk x3  
  144  12:48  Overlord x4  
  144  12:49  Overlord x4  
  144  12:50  Hive  
  152  12:55  Extractor x2, Queen  
  152  13:05  Baneling Nest  
Show
View Real Time Build Order
Export as new Build Order

Fatboy Protoss 

Build Orders:  

Get SALT Encoding   

  12  0:00  Probe  
  13  0:13  Probe  
  14  0:19  Pylon  
  14  0:33  Probe  
  15  0:40  Gateway  
  15  0:44  Assimilator  
  15  0:51  Pylon  
  15  0:56  Probe (Chrono Boost)  
  16  1:06  Probe (Chrono Boost)  
  16  1:07  Assimilator  
  17  1:11  Probe (Chrono Boost)  
  18  1:28  Cybernetics Core  
  18  1:36  Probe  
  19  1:48  Probe  
  19  1:52  Pylon  
  20  2:00  Probe  
  21  2:12  Nexus  
  21  2:17  Stalker (Chrono Boost)  
  23  2:30  Shield Battery  
  23  2:36  Probe  
  24  2:47  Stalker  
  24  2:48  Probe (Chrono Boost)  
  28  3:00  Probe (Chrono Boost)  
  28  3:04  Probe (Chrono Boost)  
  28  3:08  Stargate  
  29  3:36  Probe x2  
  31  3:47  Void Ray  
  31  3:48  Probe x2  
  33  3:52  Fleet Beacon  
  37  4:00  Probe  
  37  4:01  Assimilator  
  38  4:03  Probe  
  38  4:08  Pylon, Protoss Air Weapons Level 1  
  39  4:13  Assimilator  
  37  4:47  Pylon  
  37  4:48  Pylon, Stalker  
  39  5:11  Probe x2  
  41  5:22  Shield Battery  
  41  5:23  Probe  
  41  5:25  Twilight Council  
  42  5:31  Probe, Pylon, Forge  
  42  5:35  Probe, Carrier (Chrono Boost)  
  44  5:41  Stalker  
  52  5:43  Probe  
  52  5:47  Probe  
  52  5:49  Stargate  
  54  5:51  Stargate  
  54  5:55  Probe  
  55  5:57  Pylon  
  55  5:59  Probe  
  56  6:07  Probe  
  57  6:11  Probe  
  36  7:11  Carrier (Chrono Boost)  
  22  7:32  Void Ray  
  22  7:34  Void Ray  
  22  7:40  Probe (Chrono Boost)  
  23  7:52  Pylon  
  23  7:55  Pylon  
  23  8:01  Pylon  
  23  8:06  Probe  
  24  8:30  Nexus  
  24  8:35  Probe  
  25  8:47  Probe (Chrono Boost)  
  26  8:59  Probe (Chrono Boost)  
  27  9:06  Probe (Chrono Boost)  
  28  9:14  Probe (Chrono Boost)  
  30  9:25  Probe (Chrono Boost)  
  30  9:30  Probe (Chrono Boost)  
  31  9:40  Probe (Chrono Boost)  
  32  9:48  Probe (Chrono Boost)  
  32  9:52  Probe (Chrono Boost)  
  34  9:54  Probe  
  35  10:03  Probe  
  35  10:06  Probe  
  37  10:15  Probe  
  37  10:19  Probe  
  39  10:26  Nexus  
  39  10:27  Probe (Chrono Boost)  
  40  10:28  Assimilator  
  40  10:29  Assimilator  
  40  10:32  Probe (Chrono Boost)  
  41  10:39  Probe (Chrono Boost)  
  41  10:42  Probe (Chrono Boost)  
  43  10:45  Probe (Chrono Boost)  
  44  10:53  Carrier (Chrono Boost)  
  50  10:59  Probe x2  
  52  11:11  Probe x2  
  54  11:23  Probe x2  
  56  11:30  Pylon, Cybernetics Core  
  56  11:35  Probe (Chrono Boost)  
  56  11:36  Probe (Chrono Boost)  
  58  11:46  Probe (Chrono Boost)  
  59  11:48  Probe (Chrono Boost)  
  59  11:50  Probe (Chrono Boost)  
  61  11:56  Probe (Chrono Boost)  
  61  11:58  Probe (Chrono Boost)  
  61  11:59  Probe (Chrono Boost)  
  64  12:03  Probe (Chrono Boost)  
  64  12:04  Carrier  
  71  12:17  Probe x2  
  71  12:19  Probe  
  65  12:32  Void Ray  
  65  12:33  Void Ray  
Show
View Real Time Build Order
Export as new Build Order

Crownbranch Terran 

Build Orders:  

Get SALT Encoding   

  12  0:00  SCV  
  13  0:12  SCV  
  14  0:18  Supply Depot  
  14  0:24  SCV  
  15  0:30  Refinery  
  15  0:40  SCV  
  16  0:46  Barracks  
  16  0:52  SCV  
  17  1:04  SCV  
  18  1:21  SCV  
  19  1:38  Orbital Command  
  19  1:39  Marine  
  20  1:54  Command Center  
  20  2:05  Factory  
  20  2:06  Barracks Reactor  
  20  2:07  SCV  
  21  2:16  Supply Depot  
  21  2:22  SCV  
  22  2:34  SCV  
  23  2:43  Marine x2  
  25  2:45  Refinery  
  25  2:46  SCV  
  25  2:49  Factory Tech Lab  
  26  2:58  SCV  
  27  3:06  Marine  
  27  3:07  Marine  
  27  3:08  Siege Tank  
  27  3:11  Orbital Command  
  32  3:13  SCV  
  33  3:25  SCV, Supply Depot  
  34  3:28  Marine x2  
  34  3:33  Barracks  
  36  3:37  SCV x2  
  38  3:47  Supply Depot  
  38  3:48  Siege Tank  
  41  3:49  SCV x2  
  41  3:52  Marine  
  41  3:54  Marine  
  45  4:01  SCV x2  
  47  4:03  Engineering Bay  
  47  4:10  Marine  
  47  4:12  Marine  
  47  4:13  SCV  
  46  4:39  Marine  
  46  4:40  Marine x2  
  44  4:57  Marine x2  
  45  5:03  SCV x2  
  47  5:09  Barracks Tech Lab  
  47  5:10  Terran Infantry Weapons Level 1  
  46  5:14  Supply Depot  
  46  5:15  SCV x2, Marine x2  
  46  5:19  Command Center  
  50  5:27  SCV  
  50  5:28  SCV  
  52  5:33  Marine  
  52  5:34  Marine  
  54  5:36  Stimpack  
  54  5:39  SCV, Siege Tank  
  54  5:40  SCV  
  59  5:42  Marine  
  59  5:47  Supply Depot  
  60  5:51  SCV, Marine x2  
  60  5:52  SCV  
  42  6:21  Marine x3  
  39  6:35  Orbital Command  
  39  6:36  SCV  
  39  6:39  Marine x3  
  35  6:48  SCV x2  
  35  6:51  Siege Tank  
  40  6:56  Marine  
  40  6:57  Marine x2  
  43  7:06  SCV  
  43  7:07  SCV  
  45  7:09  SCV  
  45  7:14  Marine  
  45  7:15  Marine x2  
  49  7:21  SCV  
  50  7:23  Supply Depot  
  50  7:25  Barracks  
  50  7:27  Barracks  
  50  7:32  Marine x3  
  50  7:34  SCV x2  
  45  7:46  SCV x3  
  45  7:50  Marine x3  
  48  8:02  Siege Tank  
  51  8:06  SCV x2  
  51  8:08  Marine x3  
  51  8:10  Barracks  
  51  8:12  Barracks  
  56  8:23  Barracks Reactor, Combat Shield  
  56  8:25  SCV x2  
  56  8:26  Marine x3  
  61  8:28  Barracks Reactor, SCV  
  61  8:33  Refinery  
  62  8:34  Refinery  
  62  8:37  SCV  
  62  8:39  Missile Turret  
  63  8:43  Marine  
  63  8:44  Terran Infantry Armor Level 1, Marine x2  
  63  8:47  SCV  
  67  8:48  Engineering Bay  
  67  8:49  Armory  
  67  9:01  Marine x2  
  67  9:02  Marine  
  70  9:03  Marine, Siege Tank  
  70  9:04  Marine x3  
  70  9:07  SCV  
  78  9:11  Bunker  
  78  9:12  Bunker  
  78  9:16  SCV  
  79  9:17  SCV  
  79  9:19  Barracks Reactor, SCV, Marine x2  
  79  9:20  Barracks Reactor, Marine  
  79  9:21  Marine  
  85  9:29  Supply Depot  
  85  9:30  Supply Depot  
  85  9:31  Supply Depot  
  85  9:46  Marine x7  
  85  9:50  Starport, Missile Turret, Siege Tank  
  95  10:04  Marine x2  
  95  10:06  Marine  
  95  10:07  Marine x5  
  98  10:10  SCV x3  
  106  10:16  Supply Depot  
  106  10:22  SCV x2  
  106  10:23  Terran Infantry Weapons Level 2  
  106  10:24  Missile Turret  
  108  10:36  Supply Depot  
  108  10:37  Orbital Command  
  108  10:38  Supply Depot  
  108  10:41  Marine x2, Siege Tank  
  114  10:42  SCV  
  114  10:58  Marine  
  114  10:59  Marine x3  
  114  11:03  SCV  
  114  11:04  SCV x2  
  121  11:07  Terran Infantry Armor Level 2  
  121  11:08  Bunker  
  121  11:15  SCV  
  122  11:18  Marine x2  
  122  11:19  Marine  
  122  11:21  Terran Vehicle Weapons Level 1  
  122  11:23  Starport Reactor  
  122  11:25  Marine x4  
  129  11:48  Marine x5  
  129  11:49  Marine x6  
  140  11:55  Refinery x2  
  140  12:01  Command Center  
  140  12:03  Command Center  
  140  12:06  Marine, Supply Depot  
  140  12:08  Marine x4, Medivac x2  
  141  12:09  Supply Depot  
  149  12:28  Marine, Siege Tank  
  153  12:47  Missile Turret  
  153  12:49  Missile Turret  
  151  12:53  Missile Turret  
  151  12:54  Missile Turret  
  151  12:56  Missile Turret  
  151  12:57  Missile Turret x2  
  141  13:12  Marine x5  
  133  13:13  Marine x6  
  124  13:30  Marine x6  
  124  13:33  SCV x2  
  112  13:39  Marine x2  
  112  13:40  Marine  
  108  13:47  SCV  
  108  13:48  SCV x2  
Tags
 
Add a new tag
Caveats
  • Supply blocks, unpowered buildings, or Contaminate may cause inaccurate times.
  • Supply counts are checked every 10 seconds.